 Dungeon Sprint DCSS version 0.23-l0-1-gf28a5f5b01 (console) character file.

5 hilarita the Firebug (level 1, -3/18 HPs)
             Began as a Minotaur Fire Elementalist on June 15, 2020.
             Was an Initiate of Vehumet.
             Drowned by a water elemental (5 damage)
             ... in the Dungeon (Sprint V: "Ziggurat Sprint").
             The game lasted 00:01:03 (72 turns).

hilarita the Firebug (Minotaur Fire Elementalist)     Turns: 72, Time: 00:01:04

Health: -3/18      AC: 14    Str: 12    XL:     1   Next: 66%
Magic:  3/7        EV:  8    Int: 18    God:    Vehumet [......]
Gold:   0          SH:  0    Dex: 10    Spells: 1/2 levels left

rFire    x . .     SeeInvis .   x - +6 Majin-Bo {vamp, Archmagi MP+6 Int+6}
rCold    + + .     Gourm    .   (shield currently unavailable)
rNeg     . . .     Faith    .   b - +5 ice dragon scales
rPois    .         Spirit   .   (helmet restricted)
rElec    .         Warding  .   (no cloak)
rCorr    .         Reflect  .   (no gloves)
MR       .....     Harm     .   (no boots) Stlth ..........NoTele +
                                (no amulet)
HPRegen  0.06/turn              (no ring)
MPRegen  0.10/turn              (no ring)

@: engulfed (cannot breathe)
A: retaliatory headbutt, horns 2
a: Renounce Religion


You were in the Dungeon.
You worshipped Vehumet.
Vehumet was noncommittal.
You were not hungry.

You visited 1 branch

Inventory:

Hand Weapons
 x - the +6 Majin-Bo (weapon) {vamp, Archmagi MP+6 Int+6}
   (You found it in the Dungeon)

   It inflicts no extra harm, but heals its wielder when it wounds a living foe.
   It affects your intelligence (+6).
   It affects your magic capacity (+6).
Armour
 a - a +0 robe
 b - +5 ice dragon scales (worn)
Jewellery
 y - a +6 ring of dexterity
 z - a +6 ring of dexterity
 A - a +6 ring of intelligence
 B - a +6 ring of intelligence
 C - a +6 ring of strength
 D - a +6 ring of strength
Wands
 E - a wand of disintegration (7 charges)
 F - a wand of iceblast (7 charges)
 G - a wand of acid (7 charges)
Scrolls
 i - 4 scrolls of blinking
 p - 4 scrolls of amnesia
 q - 7 scrolls of fog
 r - a scroll of holy word
 s - 5 scrolls of identify
 t - 5 scrolls of remove curse
 u - 2 scrolls of fear
Potions
 d - 10 potions of curing
 e - 10 potions of heal wounds
 f - 6 potions of haste
 g - 7 potions of magic
 h - 3 potions of berserk rage
 j - 2 potions of brilliance
 k - 2 potions of invisibility
 l - 4 potions of resistance
 m - a potion of experience
 n - 5 potions of agility
 o - 5 potions of might
Comestibles
 c - 5 bread rations
 v - 40 fruits
 w - 4 meat rations


   Skills:
 + Level 2.7 Fighting
 - Level 2.1 Dodging
 - Level 1.5 Stealth
 - Level 1.3 Spellcasting
 - Level 0.6 Conjurations
 + Level 2.9 Fire Magic


You had one spell level left.
You knew the following spells:

 Your Spells              Type           Power        Failure   Level  Hunger
a - Flame Tongue          Conj/Fire      ##...        58%         1    ##.....

Your spell library contained the following spells:

 Spells                   Type           Power        Failure   Level  Hunger
 Throw Flame              Conj/Fire      ##....       75%         2    ###....
 Conjure Flame            Conj/Fire      ##......     92%         3    ####...
 Inner Flame              Hex/Fire       #.......     95%         3    ####...
 Sticky Flame             Conj/Fire      ##......     100%        4    #####..
 Fireball                 Conj/Fire      ##........   100%        5    ######.


Dungeon Overview and Level Annotations

Branches:
Dungeon (1/1)

Altars:
Ashenzari
Cheibriados
Dithmenos
Elyvilon
Fedhas
Gozag
Hepliaklqana
Kikubaaqudgha
Makhleb
Nemelex Xobeh
Okawaru
Qazlal
Ru
Sif Muna
Trog
Uskayaw
Vehumet
Wu Jian
Xom
Yredelemnul
Zin
The Shining One
Beogh
Jiyva
Lugonu

Annotations:
D 1 transporter


Innate Abilities, Weirdness & Mutations

You reflexively headbutt those who attack you in melee.
You have a pair of horns on your head.


Message History

There is a transporter here.
Welcome to arena 2.
You enter the transporter and appear at another place. 2 deep elf knights and a water elemental come into view.
The deep elf knight shouts!
Found three items.
Found a transporter.
Unknown command.
The deep elf knight unwields an uncursed long sword.
The deep elf knight wields a glowing shortbow.
It is covered in frost.
The deep elf knight shoots an arrow.
The arrow hits you.
* * * LOW HITPOINT WARNING * * *
The deep elf knight casts a spell.
The deep elf knight seems to speed up.
You see here an arrow.
The water elemental hits you.
* * * LOW HITPOINT WARNING * * *
The water elemental engulfs you in water!
Unknown command.
You die...

▓▓▓▓▓▓▓▓▓▓▓▓▓
▓.8©8.▓.8©8.▓
▓.:):.▓.....▓
▓...e.▓.=5[.▓
▓..e..▓.....▓
▓..E..▓.....▓
▓..@..▓..©..▓
▓..©..▓▓▓▓▓▓▓
▓▓▓▓▓▓▓


You could see 2 deep elf knights and a water elemental.

Vanquished Creatures
  An ufetubus (D)
1 creature vanquished.

Vanquished Creatures (others)
  2 spatial maelstroms (D)
2 creatures vanquished.

Grand Total: 3 creatures vanquished

Notes
Turn   | Place    | Note
-------+----------+-------------------------------------------
     0 | D        | hilarita the Minotaur Fire Elementalist began the quest for
                  | the Orb.
     0 | D        | Reached XP level 1. HP: 14/14 MP: 1/1
     0 | D        | Banished a spatial maelstrom
     6 | D        | Banished a spatial maelstrom
    15 | D        | Found a deep blue altar of Sif Muna.
    15 | D        | Found a bloodstained altar of Trog.
    15 | D        | Found a sacrificial altar of Ru.
    15 | D        | Found a stormy altar of Qazlal.
    15 | D        | Found an iron altar of Okawaru.
    16 | D        | Found a sparkling altar of Nemelex Xobeh.
    16 | D        | Found a blossoming altar of Fedhas.
    17 | D        | Found the +6 Majin-Bo {vamp, Archmagi MP+6 Int+6}
    17 | D        | Found the +7 great mace "Firestarter" {inner flame, rF++}
    18 | D        | Found a transporter.
    18 | D        | Found an ancient bone altar of Kikubaaqudgha.
    18 | D        | Found a viscous altar of Jiyva.
    18 | D        | Found a corrupted altar of Lugonu.
    18 | D        | Found a hazy altar of Hepliaklqana.
    18 | D        | Found a burning altar of Makhleb.
    18 | D        | Found an opulent altar of Gozag.
    27 | D        | Found the +9 heavy crossbow "Sniper" {velocity, Acc+∞ SInv}
    27 | D        | Found the +10 dark maul {crush}
    27 | D        | Found the +15 Maxwell's patent armour {-Cast -Tele rElec
                  | MR+ rCorr}
    27 | D        | Found the +18 shield of the Gong {rElec rN+ MR+ EV-5}
    27 | D        | Found the cursed +14 obsidian axe {chop, +Fly SInv *Curse}
    28 | D        | Found the +6 shillelagh "Devastator" {shatter}
    28 | D        | Found the +11 plutonium sword {*Contam Stlth-}
    28 | D        | Found the +8 lance "Wyrmbane" {slay drac, rPois rF+ rC+
                  | AC+3}
    28 | D        | Found the +9 sword of Zonguldrok {reap}
    28 | D        | Found the cursed +13 scythe of Curses {drain, *Curse}
    28 | D        | Found the +0 sword of Power
    28 | D        | Found the +2 mace of Variability {chain chaos}
    28 | D        | Found the +7 Singing Sword {slice, sonic wave}
    28 | D        | Found the +7 longbow "Piercer" {penet, EV-2}
    45 | D        | Became a worshipper of Vehumet
    61 | D        | Entered arena 2.
    61 | D        | Found a transporter.
    69 | D        | Entered arena 3.
    69 | D        | Noticed a deep elf knight
    69 | D        | Noticed a water elemental
    69 | D        | Noticed a deep elf knight
    69 | D        | Found a transporter.
    72 | D        | Drowned by a water elemental

Vault maps used:
D:        sprint_v

Skill      XL: |  1 |
---------------+----+-----
Fighting       | 2 |  2.7
Dodging        | |  2.1
Stealth        | |  1.5
Spellcasting   | |  1.3
Conjurations   | |  0.6
Fire Magic     | |  2.9

Action                   || total
-------------------------++-------
Melee: Quarterstaff      ||     2
  Eat: Fruit             ||     2
Armor: Ice dragon scales ||     3
Dodge: Dodged            ||     7

Table legend:
 A = Spawn XP
 B = Non-spawn XP
 C = Spawn XP percentage of total XP
 D = Spawn monster count
 E = Non-spawn monster count
 F = Spawn count percentage of total count
 G = Total turns spent on level
                    A         B        C        D         E        F      G
               +---------+---------+-------+---------+---------+-------+---------
         Total |       0 |       8 |   0.0 |       0 |       1 |   0.0 |    72
               +---------+---------+-------+---------+---------+-------+---------
             D |       0 |       8 |   0.0 |       0 |       1 |   0.0 |    72
               +---------+---------+-------+---------+---------+-------+---------
